 Dungeon Crawl Stone Soup version 0.31-a0-1074-g0b22e4e0f1 (webtiles) character file.

Game seed: 17612022164089151641

204 timneilson the Ruffian (level 5, -1/35 HPs)
             Began as an Octopode Shapeshifter on Nov 26, 2023.
             Slain by a killer bee (6 damage)
             ... on level 4 of the Dungeon.
             The game lasted 00:15:06 (2995 turns).

timneilson the Ruffian (Octopode Shapeshifter)      Turns: 2995, Time: 00:15:07

Health: -1/35      AC:  1    Str: 21    XL:     5   Next: 82%
Magic:  5/5        EV: 13    Int: 13    God:
Gold:   282        SH:  0    Dex: 11    Spells: 4/4 levels left

rFire   . .          .
                       - Unarmed
rCold   . . .        (no shield)
rNeg    + . .        (helmet currently unavailable)
rPois   .            (no amulet)
rElec   .            f - ring of positive energy
rCorr   .            m - +6 ring of strength
SInv    .            (no ring)
Will    .....        (no ring)
Stlth   +++          (no ring)
HPRegen 0.25/turn    (no ring)
MPRegen 0.09/turn    (no ring)
                     (no ring)

%: no passive effects
@: lethally poisoned (-1 -> -4), beast-form
A: beast (slay +2), almost no armour, amphibious, 8 rings, camouflage 1,
gelatinous body 1, (nimble swimmer 1), tentacles
a: Begin Untransformation


You were on level 4 of the Dungeon.
You were a hulking beast.
You visited 1 branch of the dungeon, and saw 4 of its levels.

You collected 282 gold pieces.

Inventory:

Missiles
 j - a throwing net
Jewellery
 f - a ring of positive energy (left tentacle)
 m - a +6 ring of strength (right tentacle)
Talismans
 b - a beast talisman
 c - a flux talisman
Scrolls
 g - a scroll of teleportation
Potions
 a - a potion of lignification
 d - a potion of resistance {unknown}
 e - 3 potions of enlightenment {unknown}
 h - 2 potions of haste {unknown}
 i - a potion of degeneration {unknown}
 k - a potion of cancellation {unknown}
 l - a potion of might {unknown}
 o - a potion of heal wounds {unknown}


   Skills:
 * Level 2.4 Fighting
 * Level 3.4 Dodging
 + Level 2.2 Stealth
 * Level 3.9 Unarmed Combat
 * Level 3.8 Shapeshifting


You had 4 spell levels left.
You didn't know any spells.
Your spell library contained the following spells:

 Spells                   Type           Power      Damage    Failure   Level
 Blink                    Tloc           0%         N/A       43%         2
 Lesser Beckoning         Tloc           0%         N/A       43%         2
 Momentum Strike          Conj/Tloc      0%         3d8       43%         2
 Gell's Gravitas          Tloc           0%         N/A       67%         3
 Teleport Other           Tloc           0%         N/A       67%         3


Dungeon Overview and Level Annotations

Branches:
Dungeon (4/15)
 Temple: D:4-7

Altars:
Vehumet
The Shining One

Shops:
D:1 :

Annotations:
D:4 Pikel


Innate Abilities, Weirdness & Mutations

You are a hulking beast.
Your limbs bulge with bestial killing power. (Slay +2)
You cannot wear most types of armour.
You are amphibious.
You can wear up to eight rings at the same time.
Your skin changes colour to match your surroundings (Stealth+).
Your rubbery body absorbs attacks. (AC +1, EV +1)
((You are camouflaged when in or above water. (Stealth+)))
You have tentacles for arms and can constrict up to eight enemies at once.


Message History

The killer bee stings you. The killer bee closely misses you.
You climb upwards.
There is a stone staircase leading down here.
You tentacle-slap the killer bee. You grab the killer bee.
Your squeeze misses the killer bee.
The killer bee is moderately wounded.
You constrict the killer bee. The killer bee stings you.
The killer bee closely misses you.
You bludgeon the killer bee! Your squeeze misses the killer bee.
The killer bee is almost dead.
You constrict the killer bee. The killer bee stings you.
You are poisoned.
The killer bee poisons you! The killer bee stings you.
You completely miss the killer bee.
The killer bee is almost dead.
You constrict the killer bee.
You kill the killer bee!
You feel very sick.
You start resting.
You feel sick. x7
You are no longer poisoned.
You start resting.
HP restored.
You climb downwards.
Level annotation: Pikel The killer bee stings you.
You are poisoned.
The killer bee poisons you! The killer bee stings you.
The killer bee barely misses you. The killer bee closely misses you.
The killer bee stings you.
The killer bee stings you but does no damage.
The killer bee stings you! The killer bee stings you.
The killer bee barely misses you.
There is a stone staircase leading up, spattered with blood here.
You feel sick. The killer bee closely misses you. The killer bee misses you.
The killer bee stings you!
* * * LOW HITPOINT WARNING * * *
The killer bee stings you.
* * * LOW HITPOINT WARNING * * *
The killer bee stings you.
You die...

#########
....!..#
#..$.#
#hy# #yy#
#..# #..#
#..# ####


You could see 3 killer bees.

Vanquished Creatures
  A killer bee (D:3)
  An iguana (D:4)
  6 adders
  A worm (D:2)
  A dart slug (D:1)
  5 bats
  5 endoplasms
  2 giant cockroaches (D:2)
  6 goblins
  6 hobgoblins
  3 jackals
  6 kobolds
  9 quokkas
  6 ball pythons
  3 frilled lizards
  10 rats
71 creatures vanquished.

Notes
Turn   | Place    | Note
-------+----------+-------------------------------------------
     0 | D:1      | timneilson the Octopode Shapeshifter began the quest for
                  | the Orb.
     0 | D:1      | Reached XP level 1. HP: 13/13 MP: 1/1
    98 | D:1      | Reached XP level 2. HP: 18/18 MP: 2/2
   507 | D:1      | Reached XP level 3. HP: 21/23 MP: 3/3
   510 | D:1      | Reached skill level 1 in Stealth
   869 | D:1      | Found Qecworhuss's Book Shop.
  1180 | D:2      | Reached XP level 4. HP: 24/29 MP: 4/4
  1724 | D:2      | Found a faded altar of an unknown god.
  2308 | D:3      | Reached XP level 5. HP: 18/34 MP: 5/5
  2539 | D:3      | Found a radiant altar of Vehumet.
  2539 | D:3      | Found a glowing golden altar of the Shining One.
  2848 | D:4      | Noticed Pikel
  2848 | D:4      | Noticed a lemure
  2848 | D:4      | Noticed a lemure
  2854 | D:4      | Noticed a lemure
  2995 | D:4      | Slain by a killer bee

Illustrated notes

Levels and vault maps discovered:
D:1:      dpeg_arrival_erosion, layout_loops_ring, serial_shops,
          nicolae_shop_tiny_glass, roderic_serpentine_path
D:2:      layout_loops_corners, shapermc_ecumenical_altar_petra,
          minmay_nonomino_d4
D:3:      layout_loops_cross, gammafunk_temple_overflow_elements,
          grunt_decor_mini_mirrors, minmay_three_crescents
D:4:      layout_basic, gammafunk_ghost_split, minmay_cupped, uniq_pikel

Skill      XL: |  1  2  3  4  5 |
---------------+----------------+-----
Stealth        | 1 2 |  2.2
Dodging        | 3 |  3.4
Fighting       | 2 |  2.4
Unarmed Combat | |  3.9
Shapeshifting  | |  3.8

Action                     |  1- 3 |  4- 6 || total
---------------------------+-------+-------++-------
  Melee: Unarmed           |    84 |    58 ||   142
         Tentacles         |     8 |    14 ||    22
         Constrict         |    21 |    16 ||    37
         Punch             |     1 |     2 ||     3
    Use: Scroll            |     2 |     5 ||     7
   Stab: Sleeping          |     9 |     6 ||    15
 Armour: Skin              |    34 |    36 ||    70
  Dodge: Dodged            |    46 |    34 ||    80

Table legend: (Time is in decaauts)
 A = Elapsed time spent in this place.
 B = Non-inter-level travel time spent in this place.
 C = Inter-level travel time spent in this place.
 D = Time resting spent in this place.
 E = Time spent auto-exploring this place.
 F = Levels seen in this place.
 G = Mean time per level.
                   A        B        C        D        E       F      G
               +--------+--------+--------+--------+--------+-----+--------+
         Total |   2986 |   2920 |     66 |    108 |   2244 |   4 |  746.5 |
       Dungeon |   2986 |   2920 |     66 |    108 |   2244 |   4 |  746.5 |
               +--------+--------+--------+--------+--------+-----+--------+

Top non-repeatable levels by time:
     D:3: 1004 daAuts
     D:1: 941 daAuts
     D:2: 931 daAuts
     D:4: 108 daAuts
